 Dungeon Crawl Stone Soup version 0.19.3-1-g3169bf9 (webtiles) character file.

43 Alarkh the Chopper (level 3, -3/29 HPs)
             Began as a Demonspawn Monk on Jan 25, 2017.
             Killed from afar by a hobgoblin (24 damage)
             ... with an exploding inner flame
             ... hexed by the player character
             ... on level 2 of the Dungeon.
             The game lasted 00:01:09 (1588 turns).

Alarkh the Chopper (Demonspawn Monk)                Turns: 1588, Time: 00:01:11

Health: -3/29      AC:  4    Str: 11    XL:     3   Next: 37%
Magic:  3/3        EV: 13    Int: 12    God:
Gold:   93         SH:  0    Dex: 15    Spells: 0 memorised, 2 levels left

rFire  . . .     SeeInvis .     a - +0 hand axe
rCold  . . .     Gourm    .     b - +0 robe
rNeg   . . .     Faith    .     (no shield)
rPois  .         Spirit   .     (no helmet)
rElec  .         Reflect  .     (no cloak)
rCorr  .         Harm     .     (no gloves)
MR     .....                    (no boots)
Stlth  ++........               (no amulet)
                                (no ring)
                                g - ring of wizardry

@: no status effects
A: icy blue scales 1, powered by pain 1
a: no special abilities


You were on level 2 of the Dungeon.
You were not hungry.

You visited 1 branch of the dungeon, and saw 2 of its levels.

You collected 93 gold pieces.

Inventory:

Hand Weapons
 a - a +0 hand axe (weapon)
Armour
 b - a +0 robe (worn)
Jewellery
 g - a ring of wizardry (left hand)
Scrolls
 h - a scroll of enchant weapon {unknown}
 j - 3 scrolls of immolation
 k - 2 scrolls of identify {unknown}
 l - a scroll of amnesia {unknown}
Potions
 e - a potion of curing {unknown}
 f - a potion of brilliance {unknown}
 i - 2 potions of invisibility {unknown}
 n - a potion of mutation {unknown}
 o - a potion of might {unknown}
 q - a potion of resistance {unknown}
Comestibles
 c - 2 bread rations
 d - 2 meat rations
 m - 6 chunks of flesh
 p - 4 fruits


   Skills:
 - Level 3.0 Fighting
 + Level 4.0 Axes
 - Level 2.6 Dodging
 - Level 1.7 Stealth


You had 2 spell levels left.
You didn't know any spells.

Dungeon Overview and Level Annotations

Branches:
Dungeon (2/15)

Altars:


Innate Abilities, Weirdness & Mutations

You are partially covered in icy blue scales. (AC +2)
You sometimes gain a little power by taking damage.


Message History

There are monsters nearby!
There are monsters nearby!
Okay, then.
As you read the scroll labeled FIFIFO TEBA, it crumbles to dust.
The creatures around you are filled with an inner flame!
It was a scroll of immolation.
The hobgoblin shouts!
Found a fizzy inky potion.
The leopard gecko barely misses you.
You barely miss the leopard gecko. The leopard gecko misses you.
You hit the leopard gecko but do no damage.
The leopard gecko bites you but does no damage.
You hit the leopard gecko.
The leopard gecko explodes!
The fiery explosion engulfs you!
The fiery explosion engulfs the hobgoblin.
The hobgoblin explodes!
The fiery explosion engulfs you!
Ouch! That really hurt!
You die...

..........# ....
.[...###.... .... ...!.
..#. ...### #..... ..#..
#...# ....#
.....#...###....#
#...#..?.......##
#...#....§.§..... .. ..
#...#....@§§..... ...
###.####........§§§.....
..#
.............##.§§§.....
#.
#.#....................#
###.
#............##........#
#...
#............####......#
#... #............#
......# #...
#............# .#.#.##
#... ###.########## ###.


There were no monsters in sight!

Vanquished Creatures
  An adder (D:2)
  A leopard gecko (D:1)
  5 bats
  7 hobgoblins
  2 jackals (D:2)
  A frilled lizard (D:2)
  5 goblins (D:1)
  3 kobolds
  3 rats
28 creatures vanquished.

Notes
Turn   | Place    | Note
-------+----------+-------------------------------------------
     0 | D:1      | Alarkh the Demonspawn Monk began the quest for the Orb.
     0 | D:1      | Reached XP level 1. HP: 18/18 MP: 1/1
   126 | D:1      | Reached skill level 3 in Axes
   254 | D:1      | Gained mutation: You sometimes gain a little power by taking damage. [demonic ancestry]
   254 | D:1      | Reached XP level 2. HP: 24/24 MP: 2/2
  1178 | D:2      | Gained mutation: You are partially covered in icy blue scales. (AC +2) [demonic ancestry]
  1178 | D:2      | Reached XP level 3. HP: 22/29 MP: 3/3
  1420 | D:2      | Reached skill level 4 in Axes
  1588 | D:2      | Killed from afar by a hobgoblin

Skill      XL: |  1  2  3 |
---------------+----------+-----
Axes           | 3 4 |  4.0
Fighting       | |  3.0
Dodging        | |  2.6
Stealth        | |  1.7

Action                   || total
-------------------------++-------
Melee: Hand axe          ||    85
  Use: Scroll            ||     1
  Eat: Chunk             ||     2
Armor: Robe              ||    25
Dodge: Dodged            ||    76
